 Dungeon Crawl Stone Soup version 0.17.1-3-g152610e (console) character file.

38 Sehdowjr the Magician (level 3, 0/19 HPs)
             Began as a Deep Elf Wizard on Mar 23, 2016.
             Succumbed to an adder's poison
             ... on level 2 of the Dungeon.
             The game lasted 00:05:15 (1031 turns).

Sehdowjr the Magician (Deep Elf Wizard)             Turns: 1031, Time: 00:05:15

Health: 0/19       AC:  2    Str:  4    XL:     3   Next: 25%
Magic:  4/12       EV: 12    Int: 23    God:
Gold:   29         SH:  0    Dex: 13    Spells: 1 memorised, 12 levels left

rFire  . . .     SeeInvis .     (no weapon)
rCold  . . .     Clarity  .     a - +0 robe
rNeg   . . .     SustAt   .     (no shield)
rPois  .         Gourm    .     b - +0 hat
rElec  .         Spirit   .     (no cloak)
rCorr  .         Warding  .     (no gloves)
rMut   .         Stasis   .     (no boots)
MR     .....                    (no amulet)
Stlth  ++........               (no ring)
                                (no ring)

@: lethally poisoned (0 -> -11), flying (expiring), not resistant to hostile
enchantments, unstealthy
A: fangs 1, talons 1, wild magic 1
a: no special abilities


You were on level 2 of the Dungeon.
You were not hungry.

You visited 1 branch of the dungeon, and saw 2 of its levels.

You collected 29 gold pieces.

Inventory:

Armour
 a - a +0 robe (worn)
 b - a +0 hat (worn)
Scrolls
 g - a scroll of blinking {unknown}
 j - a scroll of magic mapping {unknown}
 k - 2 scrolls of teleportation {unknown}
Potions
 h - a potion of invisibility {unknown}
Books
 c - a book of Minor Magic

   Spells                             Type                      Level
   a - Magic Dart                     Conjuration                  1
   b - Blink                          Translocation                2
   c - Call Imp                       Summoning                    2
   d - Repel Missiles                 Charms/Air                   2
   e - Slow                           Hexes                        2
   f - Conjure Flame                  Conjuration/Fire             3
   g - Mephitic Cloud                 Conjuration/Poison/Air       3
Comestibles
 d - a bread ration
 f - 2 meat rations


   Skills:
 - Level 2.4 Dodging
 - Level 2.4 Stealth
 + Level 5.9 Spellcasting
 + Level 1.7 Conjurations
   Level 1.1 Summonings
   Level 1.1 Translocations


You had 12 spell levels left.
You knew the following spells:

 Your Spells              Type           Power        Failure   Level  Hunger
a - Magic Dart            Conj           ###.         11%         1    None


Dungeon Overview and Level Annotations

Branches:
Dungeon (2/15)

Altars:


Innate Abilities, Weirdness & Mutations

You have very sharp teeth.
You have sharp toenails.
Your spells are a little harder to cast, but a little more powerful.


Message History

An adder comes into view.
A worm is nearby!
An adder comes into view.
A giant cockroach comes into view.
You are starting to lose your buoyancy.
There are monsters nearby!
The adder misses you. The adder bites you.
You are poisoned.
The adder poisons you!
You feel sick. The adder bites you.
* * * LOW HITPOINT WARNING * * *
You are more poisoned.
The adder poisons you!
Drink which item? (? for menu, Esc to quit)
It was a potion of mutation.
You feel extremely strange.
Your teeth lengthen and sharpen.
Your toenails lengthen and sharpen.
You feel less in control of your magic.
* * * LOW HITPOINT WARNING * * *
You feel sick. The adder barely misses you.
You die...

#.'.......# #..#
#.#.##.#.#.
S....#.......#....#
#.#....#<#.
.....#...#...##♣♣♣♣
##########. ....
#...####♣♣♣♣ ♣♣♣ #
.. ....
+......♣♣≈≈♣♣≈≈♣≈#
### ...
####..♣PPP≈≈P≈P≈♣♣
...
#....≈..≈≈≈≈P≈♣≈
#........≈..≈P≈P
#.....S.@.......
♣♣≈≈≈≈..≈.≈..≈..
♣≈≈≈≈P≈≈≈≈♣≈.≈≈.♣.
♣≈≈P≈≈≈≈≈≈≈≈≈sP≈≈≈.
#≈≈≈≈≈≈≈≈≈≈≈≈≈≈P♣#(
##P♣≈≈≈≈≈≈≈≈≈≈P♣#
###♣♣♣≈≈≈≈P≈≈P♣
##≈≈≈≈≈≈≈P


You could see an adder and a giant cockroach (sleeping).

Vanquished Creatures
  An adder (D:2)
  An ooze (D:1)
  An orc (D:2)
  A ball python (D:2)
  4 bats
  A hobgoblin (D:1)
  A kobold (D:1)
  3 giant newts (D:2)
  6 goblins (D:1)
  4 rats
23 creatures vanquished.

Notes
Turn   | Place    | Note
--------------------------------------------------------------
     0 | D:1      | Sehdowjr the Deep Elf Wizard began the quest for the Orb.
     0 | D:1      | Reached XP level 1. HP: 10/10 MP: 7/7
   194 | D:1      | Reached skill level 5 in Spellcasting
   240 | D:1      | Reached XP level 2. HP: 15/15 MP: 7/10
   578 | D:2      | Reached XP level 3. HP: 12/19 MP: 3/12
  1029 | D:2      | Gained mutation: You have very sharp teeth. [potion of mutation]
  1029 | D:2      | Gained mutation: You have sharp toenails. [potion of mutation]
  1029 | D:2      | Gained mutation: Your spells are a little harder to cast, but a little more powerful. [potion of mutation]
  1031 | D:2      | Succumbed to an adder's poison

Action                   || total
-------------------------++-------
 Cast: Magic Dart        ||    59
  Use: Potion            ||     2
